RES
LIDCOMBE SWANS @ REDFERN RAILROADERS
05/06/2022
 
TOP OF THE 1ST
Lidcombe Swans batting - Pitching for Redfern Railroaders : RHP Curt Lynch
Pitching: RHP Curt Lynch
Batting: RHB Kurtis Hetherington 0-0: Foul Ball, location: 2F
0-1: Foul Ball, location: 5FF
0-2: Fly out, F6 (Line Drive, 6, EV 70.0 MPH)
Batting: RHB Kurt Daley 0-0: Called Strike
0-1: Ground out 5-3 (Groundball, 56, EV 107.5 MPH)
Batting: LHB Zachariah Folkes 0-0: Ball
1-0: Ball
2-0: Ball
3-0: Base on Balls
Batting: LHB Denis Wych 0-0: Ball
1-0: Ball
2-0: Fly out, F7 (Flyball, 78M, EV 93.1 MPH)
Top of the 1st over - 0 runs, 0 hits, 0 errors, 1 left on base; Lidcombe 0 - Redfern 0
BOTTOM OF THE 1ST
Redfern Railroaders batting - Pitching for Lidcombe Swans : RHP Finley Luttrell
Pitching: RHP Finley Luttrell
Batting: RHB Matthew Joule 0-0: Called Strike
0-1: Hit by Pitch
Batting: RHB John Hockley 0-0: Bunted foul
0-1: Bunted foul
0-2: Foul Ball, location: 2F
0-2: Ball
1-2: Ball
2-2: Strikes out swinging
Batting: LHB Luke Currall 0-0: Ball
Matthew Joule steals 2nd base
1-0: Ball
2-0: Called Strike
2-1: Called Strike
2-2: Ball
3-2: Strikes out swinging
Batting: SHB Nick Creed 0-0: Foul Ball, location: 2F
0-1: Ball
1-1: Ball
2-1: Ball
3-1: Swinging Strike
3-2: Strikes out swinging
Bottom of the 1st over - 0 runs, 0 hits, 0 errors, 1 left on base; Lidcombe 0 - Redfern 0
TOP OF THE 2ND
Lidcombe Swans batting - Pitching for Redfern Railroaders : RHP Curt Lynch
Batting: RHB Linc Ellis 0-0: TRIPLE (Flyball, 9D, EV 110.6 MPH)
Batting: LHB Cal Sheldrake 0-0: Called Strike
0-1: DOUBLE (Flyball, 8LXD, EV 104.4 MPH)
Linc Ellis scores
Batting: RHB Karmichael Heighway 0-0: SINGLE (Groundball, 34D, EV 97.5 MPH)
Cal Sheldrake to third
Runner from 3rd tries for Home, SAFE, throw by RF to home
Karmichael Heighway to second
Batting: RHB Steve Cookson 0-0: Ball
1-0: Foul Ball, location: 2F
1-1: Ball
2-1: Ground out U3 (Groundball, 34S, EV 91.9 MPH)
Karmichael Heighway to third
Batting: RHB John Goodall 0-0: Ball
1-0: Ball
2-0: SINGLE (Groundball, 6MD, EV 105.6 MPH)
Karmichael Heighway scores
Batting: RHB Kurtis Hetherington 0-0: Ball
1-0: Ball
2-0: Ball
3-0: Called Strike
3-1: Called Strike
3-2: Foul Ball, location: 9LMF
3-2: Foul Ball, location: 2F
3-2: Foul Ball, location: 5SF
3-2: Fielders Choice at 2nd, 4-6 (Groundball, 4, EV 88.1 MPH)
Batting: RHB Kurt Daley 0-0: Called Strike
0-1: Ball
Kurtis Hetherington steals 2nd base (no throw)
1-1: Swinging Strike
1-2: Ball
Wild Pitch!
Kurtis Hetherington to third
2-2: Strikes out swinging
Top of the 2nd over - 3 runs, 4 hits, 0 errors, 1 left on base; Lidcombe 3 - Redfern 0
BOTTOM OF THE 2ND
Redfern Railroaders batting - Pitching for Lidcombe Swans : RHP Finley Luttrell
Batting: RHB Jim Bellars 0-0: Called Strike
0-1: Swinging Strike
0-2: Foul Ball, location: 7LDF
0-2: Foul Ball, location: 9LSF
0-2: Ball
1-2: Strikes out swinging
Batting: LHB Brent Cannell 0-0: Called Strike
0-1: Fly out, F7 (Flyball, 7S, EV 95.0 MPH)
Batting: LHB Jarrad Honeysett 0-0: Ball
1-0: Ball
2-0: Called Strike
2-1: Foul Ball, location: 3SF
2-2: Ball
3-2: Fly out, F4 (Popup, 4M, EV 68.1 MPH)
Bottom of the 2nd over - 0 runs, 0 hits, 0 errors, 0 left on base; Lidcombe 3 - Redfern 0
TOP OF THE 3RD
Lidcombe Swans batting - Pitching for Redfern Railroaders : RHP Curt Lynch
Batting: LHB Zachariah Folkes 0-0: Ball
1-0: Called Strike
1-1: Called Strike
1-2: Strikes out looking
Batting: LHB Denis Wych 0-0: Ball
1-0: Swinging Strike
1-1: Ball
2-1: Foul Ball, location: 2F
2-2: Ground out U3 (Groundball, 3, EV 87.5 MPH)
Batting: RHB Linc Ellis 0-0: Called Strike
0-1: Ball
1-1: Foul Ball, location: 7LSF
1-2: Fly out, F8 (Line Drive, 78M, EV 93.1 MPH)
Top of the 3rd over - 0 runs, 0 hits, 0 errors, 0 left on base; Lidcombe 3 - Redfern 0
BOTTOM OF THE 3RD
Redfern Railroaders batting - Pitching for Lidcombe Swans : RHP Finley Luttrell
Batting: RHB Trace Clifford 0-0: DOUBLE (Flyball, 8LXD, EV 111.9 MPH)
Batting: RHB Matt Bettinson 0-0: Called Strike
0-1: Ball
1-1: Foul Ball, location: 3SF
1-2: Ball
2-2: Foul Ball, location: 2F
2-2: Ball
3-2: Foul Ball, location: 9LDF
3-2: 2-RUN HOME RUN (Flyball, 78XD, EV 104.4 MPH), Distance : 404 ft
Batting: RHB Matthew Joule 0-0: Ball
1-0: Called Strike
1-1: Ball
2-1: Called Strike
2-2: Fly out, F6 (Line Drive, 6M, EV 70.6 MPH)
Batting: RHB John Hockley 0-0: Called Strike
0-1: Foul Ball, location: 2F
0-2: Ball
1-2: Strikes out swinging
Batting: LHB Luke Currall 0-0: Called Strike
0-1: Ball
1-1: Fly out, F6 (Popup, 6M, EV 65.0 MPH)
Bottom of the 3rd over - 2 runs, 2 hits, 0 errors, 0 left on base; Lidcombe 3 - Redfern 2
TOP OF THE 4TH
Lidcombe Swans batting - Pitching for Redfern Railroaders : RHP Curt Lynch
Batting: LHB Cal Sheldrake 0-0: Called Strike
0-1: Ball
1-1: Called Strike
1-2: SINGLE (Flyball, 5D, EV 91.3 MPH)
Batting: RHB Karmichael Heighway 0-0: Called Strike
0-1: Foul Ball, location: 3F
0-2: Strikes out swinging
Batting: RHB Steve Cookson 0-0: Ball
1-0: Called Strike
1-1: Foul Ball, location: 2F
1-2: Ball
2-2: Ball
3-2: Base on Balls
Cal Sheldrake to second
Batting: RHB John Goodall 0-0: Foul Ball, location: 2F
0-1: Swinging Strike
0-2: Ball
1-2: Grounds into double play, 4-6-3 (Groundball, 4, EV 83.8 MPH)
Top of the 4th over - 0 runs, 1 hit, 0 errors, 1 left on base; Lidcombe 3 - Redfern 2
BOTTOM OF THE 4TH
Redfern Railroaders batting - Pitching for Lidcombe Swans : RHP Finley Luttrell
Batting: SHB Nick Creed 0-0: Called Strike
0-1: Fly out, F9 (Flyball, 9D, EV 104.4 MPH)
Batting: RHB Jim Bellars 0-0: Ball
1-0: Ground out 6-3 (Groundball, 56, EV 81.3 MPH)
Batting: LHB Brent Cannell 0-0: Ground out U3 (Groundball, 3L, EV 106.3 MPH)
Bottom of the 4th over - 0 runs, 0 hits, 0 errors, 0 left on base; Lidcombe 3 - Redfern 2
TOP OF THE 5TH
Lidcombe Swans batting - Pitching for Redfern Railroaders : RHP Curt Lynch
Batting: RHB Kurtis Hetherington 0-0: Called Strike
0-1: Ground out 6-3 (Groundball, 6, EV 104.4 MPH)
Batting: RHB Kurt Daley 0-0: Foul Ball, location: 9LMF
0-1: Ground out 5-3 (Groundball, 56S, EV 67.5 MPH)
Batting: LHB Zachariah Folkes 0-0: Ground out 4-3 (Groundball, 4S, EV 90.0 MPH)
Top of the 5th over - 0 runs, 0 hits, 0 errors, 0 left on base; Lidcombe 3 - Redfern 2
BOTTOM OF THE 5TH
Redfern Railroaders batting - Pitching for Lidcombe Swans : RHP Finley Luttrell
Batting: LHB Jarrad Honeysett 0-0: Swinging Strike
0-1: Ball
1-1: Ball
2-1: Ball
3-1: Base on Balls
Batting: RHB Trace Clifford 0-0: Swinging Strike
0-1: Foul Ball, location: 2F
0-2: Strikes out swinging
Batting: RHB Matt Bettinson 0-0: Ball
1-0: Ball
2-0: Called Strike
2-1: Called Strike
2-2: Ball
3-2: Foul Ball, location: 2F
3-2: Foul Ball, location: 3FF
3-2: Strikes out looking
Batting: RHB Matthew Joule 0-0: Called Strike
0-1: Ball
1-1: Ground out 4-3 (Groundball, 4S, EV 64.4 MPH)
Bottom of the 5th over - 0 runs, 0 hits, 0 errors, 1 left on base; Lidcombe 3 - Redfern 2
TOP OF THE 6TH
Lidcombe Swans batting - Pitching for Redfern Railroaders : RHP Curt Lynch
Batting: LHB Denis Wych 0-0: Ball
1-0: Called Strike
1-1: Swinging Strike
1-2: Strikes out looking
Batting: RHB Linc Ellis 0-0: Called Strike
0-1: Ball
1-1: Ball
2-1: Ground out 4-3 (Groundball, 4, EV 101.9 MPH)
Batting: LHB Cal Sheldrake 0-0: Fly out, F3 (Line Drive, 3, EV 67.5 MPH)
Top of the 6th over - 0 runs, 0 hits, 0 errors, 0 left on base; Lidcombe 3 - Redfern 2
BOTTOM OF THE 6TH
Redfern Railroaders batting - Pitching for Lidcombe Swans : RHP Finley Luttrell
Batting: RHB John Hockley 0-0: Fly out, F7 (Flyball, 7D, EV 96.3 MPH)
Batting: LHB Luke Currall 0-0: Foul Ball, location: 7LSF
0-1: Ball
1-1: Foul Ball, location: 5DF
1-2: Ball
2-2: Ball
3-2: Base on Balls
Batting: SHB Nick Creed 0-0: Ball
1-0: Foul Ball, location: 2F
1-1: Swinging Strike
1-2: Ground out 4-3 (Groundball, 4, EV 70.0 MPH)
Luke Currall to second
Batting: LHB D.J. Renouf 0-0: Ball
1-0: Swinging Strike
1-1: Foul Ball, location: 2RF
1-2: Strikes out swinging
Bottom of the 6th over - 0 runs, 0 hits, 0 errors, 1 left on base; Lidcombe 3 - Redfern 2
TOP OF THE 7TH
Lidcombe Swans batting - Pitching for Redfern Railroaders : RHP Curt Lynch
Batting: RHB Karmichael Heighway 0-0: Called Strike
0-1: Called Strike
0-2: Ball
1-2: Ball
2-2: Foul Ball, location: 3F
2-2: Ball
3-2: SINGLE (Groundball, 34D, EV 81.3 MPH) (infield hit)
Batting: RHB Steve Cookson 0-0: Ball
1-0: SINGLE (Line Drive, 56D, EV 97.5 MPH)
Karmichael Heighway to second
Batting: RHB John Goodall 0-0: Ball
1-0: SINGLE (Line Drive, 56, EV 98.8 MPH)
Karmichael Heighway to third
Steve Cookson to second
Batting: RHB Kurtis Hetherington 0-0: Ball
1-0: Foul Ball, location: 3SF
1-1: Ball
2-1: Ball
3-1: Grounds into fielders choice 6-2 (Groundball, 56, EV 87.5 MPH)
Steve Cookson to third
John Goodall to second
Pitching: RHP Caiden French
Batting: RHB Kurt Daley 0-0: Fly out, F8 (Flyball, 8LM, EV 89.4 MPH)
Runner from 3rd tags up, OUT at HOME! 8-2
Top of the 7th over - 0 runs, 3 hits, 0 errors, 2 left on base; Lidcombe 3 - Redfern 2
BOTTOM OF THE 7TH
Redfern Railroaders batting - Pitching for Lidcombe Swans : RHP Finley Luttrell
Batting: LHB Brent Cannell 0-0: Ball
1-0: SINGLE (Groundball, 13S, EV 74.4 MPH) (infield hit)
Pitching: LHP Jerod Brett
Batting: LHB Jarrad Honeysett 0-0: Bunted foul
0-1: Bunted foul
0-2: Strikes out looking
Batting: RHB Trace Clifford 0-0: Called Strike
0-1: Foul Ball, location: 3F
0-2: Strikes out swinging
Batting: RHB Matt Bettinson 0-0: SINGLE (Flyball, 9S, EV 95.6 MPH)
Brent Cannell to second
Runner from 2nd tries for 3rd, SAFE, throw by RF made to third
Batting: RHB Matthew Joule 0-0: Ball
1-0: Ball
2-0: Ball
3-0: Base on Balls
Matt Bettinson to second
Batting: RHB John Hockley 0-0: Called Strike
0-1: Ball
1-1: Ball
2-1: Called Strike
2-2: Foul Ball, location: 2F
2-2: Strikes out swinging
Bottom of the 7th over - 0 runs, 2 hits, 0 errors, 3 left on base; Lidcombe 3 - Redfern 2
TOP OF THE 8TH
Lidcombe Swans batting - Pitching for Redfern Railroaders : RHP Caiden French
Batting: LHB Zachariah Folkes 0-0: Ball
1-0: Called Strike
1-1: Ball
2-1: Ground out 4-3 (Groundball, 4, EV 100.6 MPH)
Batting: LHB Denis Wych 0-0: Ball
1-0: Ball
2-0: Ball
3-0: Called Strike
3-1: SINGLE (Line Drive, 7S, EV 103.1 MPH)
Batting: RHB Linc Ellis 0-0: Called Strike
Denis Wych steals 2nd base
0-1: Fly out, F8 (Flyball, 8RD, EV 102.5 MPH)
Runner from 2nd tags up, SAFE at 3rd with throw by CF
Batting: LHB Cal Sheldrake 0-0: Ball
1-0: Called Strike
1-1: Ground out 2-3 (Groundball, 15S, EV 67.5 MPH)
Top of the 8th over - 0 runs, 1 hit, 0 errors, 1 left on base; Lidcombe 3 - Redfern 2
BOTTOM OF THE 8TH
Redfern Railroaders batting - Pitching for Lidcombe Swans : LHP Jerod Brett
Pinch Hitting: RHB Dewey Bairstow 0-0: Ball
1-0: Foul Ball, location: 2F
1-1: Foul Ball, location: 2F
1-2: Foul Ball, location: 2F
1-2: SINGLE (Flyball, 9LS, EV 98.8 MPH)
Pitching: RHP Bob Sheard
Batting: SHB Nick Creed 0-0: Ball
1-0: Ball
2-0: Called Strike
2-1: Fly out, F5 (Popup, 5SF, EV 80.0 MPH)
Batting: LHB D.J. Renouf 0-0: Ball
1-0: Ball
2-0: Grounds into double play, 1-6-3 (Groundball, 34S, EV 71.3 MPH)
Bottom of the 8th over - 0 runs, 1 hit, 0 errors, 0 left on base; Lidcombe 3 - Redfern 2
TOP OF THE 9TH
Lidcombe Swans batting - Pitching for Redfern Railroaders : RHP Caiden French
Now at 3B: Dewey Bairstow
Pinch Hitting: LHB Reegan Meggison 0-0: Called Strike
0-1: SINGLE (Groundball, 6MD, EV 102.5 MPH)
Batting: RHB Steve Cookson 0-0: Ball
1-0: Foul Ball, location: 5FF
1-1: Foul Ball, location: 2F
1-2: Ball
2-2: Strikes out swinging
Batting: LHB Frank Heggadon 0-0: Foul Ball, location: 2F
0-1: Foul Ball, location: 2F
0-2: Strikes out swinging
Batting: RHB Kurtis Hetherington 0-0: Ball
1-0: Foul Ball, location: 2F
1-1: Foul Ball, location: 2F
1-2: Ball
2-2: Foul Ball, location: 2F
2-2: Ball
3-2: DOUBLE (Line Drive, 89D, EV 105.6 MPH)
Reegan Meggison to third
Reegan Meggison scores
Batting: RHB Kurt Daley 0-0: Ball
1-0: Ball
2-0: Ground out 5-3 (Groundball, 25, EV 77.5 MPH)
Top of the 9th over - 1 run, 2 hits, 0 errors, 1 left on base; Lidcombe 4 - Redfern 2
BOTTOM OF THE 9TH
Redfern Railroaders batting - Pitching for Lidcombe Swans : RHP Bob Sheard
Pitching: RHP Paul Batchelor
Now in CF: Tony Bellett
Batting: LHB Brent Cannell 0-0: Fly out, F9 (Flyball, 89M, EV 92.5 MPH)
Batting: LHB Jarrad Honeysett 0-0: Swinging Strike
0-1: Ball
1-1: Foul Ball, location: 2F
1-2: Foul Ball, location: 5DF
1-2: Ball
2-2: Strikes out swinging
Pinch Hitting: SHB Rio Kennerley 0-0: Fly out, F4 (Line Drive, 4, EV 66.3 MPH)
Bottom of the 9th over - 0 runs, 0 hits, 0 errors, 0 left on base; Lidcombe 4 - Redfern 2
Monday, April 29th , 2024 - OOTP Baseball 24.9 Build 80